 Dungeon Crawl Stone Soup version 0.30.0-5-g1a98f26d00 (webtiles) character file.

Game seed: 2977073675918697094

365 Foic the Trooper (level 6, -8/56 HPs)
             Began as a Minotaur Berserker on May 8, 2023.
             Was a Priest of Trog.
             Mangled by a wyvern (13 damage)
             ... on level 4 of the Dungeon.
             The game lasted 00:15:25 (3080 turns).

Foic the Trooper (Minotaur Berserker)               Turns: 3080, Time: 00:15:26

Health: -8/56      AC:  3    Str: 23    XL:     6   Next: 40%
Magic:  5/5        EV: 12    Int:  4    God:    Trog [***...]
Gold:   147        SH:  0    Dex: 12    Spells: 5/5 levels left

rFire   + . .        a - +0 spear
rCold   . . .        (no shield)
rNeg    . . .        e - +0 ring mail
rPois   .            (helmet restricted)
rElec   .            (no cloak)
rCorr   .            (no gloves)
SInv    .            (no boots)
Will    ++...        (no amulet)
Stlth   ++           k - ring of protection from fire
HPRegen 1.29/turn    (no ring)
MPRegen 0.09/turn

%: no passive effects
@: strong-willed, regenerating
A: horns 2, retaliatory headbutt, thin skeletal structure 1, deformed body,
mutation resistance 1
a: Renounce Religion, Berserk, Trog's Hand


You were on level 4 of the Dungeon.
You worshipped Trog.
Trog was most pleased with you.
You visited 1 branch of the dungeon, and saw 4 of its levels.

You collected 147 gold pieces.

Inventory:

Hand Weapons
 a - a +0 spear (weapon)
 o - a +0 trident
Missiles
 d - 23 stones (quivered)
 j - 2 boomerangs
 n - 8 poisoned darts
Armour
 b - a +0 animal skin
 e - a +0 ring mail (worn)
Jewellery
 k - a ring of protection from fire (left hand)
 q - a ring of positive energy
Scrolls
 c - 2 scrolls of noise {unknown}
 f - a scroll of magic mapping {unknown}
 l - a scroll of fear {unknown}
 m - 3 scrolls of identify {unknown}
 p - a scroll of fog {unknown}
Potions
 g - 2 potions of flight
 h - 2 potions of curing
 i - a potion of might


   Skills:
 * Level 5.4 Fighting
 + Level 4.6 Polearms
 + Level 1.6 Throwing
 + Level 3.6 Armour
 + Level 3.2 Dodging
 * Level 3.7 Shields


You had 5 spell levels left.
You didn't know any spells.
Your spell library was empty.

Dungeon Overview and Level Annotations

Branches:
Dungeon (4/15)
 Temple: D:4-7

Altars:


Innate Abilities, Weirdness & Mutations

You have a pair of horns on your head.
You reflexively headbutt those who attack you in melee.
You have a somewhat thin skeletal structure. (Dex +2, Stealth+)
Armour fits poorly on your strangely shaped body.
You are somewhat resistant to further mutation.


Message History

Press: ? - help, Q - select action, (/) - cycle Shift-Dir - straight line, f - ball python
Aim: a ball python (55% to hit)
You throw a stone.
The stone closely misses the ball python.
You hit the ball python.
You kill the ball python!
Trog accepts your kill.
You barely miss the orc. The orc hits you but does no damage.
You hit the orc.
The orc is moderately wounded.
The orc hits you but does no damage.
You barely miss the orc.
The orc is moderately wounded.
You hit the orc.
You kill the orc!
Trog accepts your kill.
You see here a +0 dagger.
A wyvern comes into view.
The wyvern hisses angrily.
Reach: a) +0 spear
Press: ? - help, Dir - move target, f - wyvern
Aim: a wyvern (about 36% to evade your +0 spear)
You reach to attack!
You barely miss the wyvern. You hit the wyvern but do no damage.
The wyvern bites you but does no damage.
The wyvern bites you!
You hit the wyvern but do no damage. The wyvern bites you!
You hit the wyvern.
The wyvern is lightly wounded.
The wyvern bites you. The wyvern barely misses you.
You hit the wyvern but do no damage.
The wyvern is lightly wounded.
The wyvern bites you!
* * * LOW HITPOINT WARNING * * *
Your skin crawls.
You feel strong-willed. The wyvern bites you!
* * * LOW HITPOINT WARNING * * *
The wyvern bites you!
You die...

.. .... ## #. .. #...##.
##. #. #...... #.. .. .##
##......##..# ...
...##......$....# ..##
#.............# ...
#.........l?# .# #
##.........@.### .#.#
..............## ..####.
#............### ##.##..
#...............#
......###...............#
###.......#.........#..#
# ##......#.........#..#
# #...................#
## #...................#


You could see a wyvern.

Vanquished Creatures
  An orc priest (D:4)
  A sleepcap (D:4)
  3 orc wizards (D:3)
  An iguana (D:4)
  6 gnolls (D:3)
  6 adders
  A worm (D:2)
  3 dart slugs
  9 orcs
  5 endoplasms
  8 giant cockroaches
  7 goblins
  8 hobgoblins
  6 kobolds
  2 quokkas
  6 ball pythons
  10 bats
  5 frilled lizards
  A rat (D:1)
89 creatures vanquished.

Notes
Turn   | Place    | Note
-------+----------+-------------------------------------------
     0 | D:1      | Foic the Minotaur Berserker began the quest for the Orb.
     0 | D:1      | Reached XP level 1. HP: 19/19 MP: 0/0
   181 | D:1      | Reached skill level 1 in Shields
   181 | D:1      | Reached XP level 2. HP: 27/27 MP: 1/1
   214 | D:1      | Reached skill level 4 in Fighting
   233 | D:1      | Found a faded altar of an unknown god.
   464 | D:1      | Reached ** piety under Trog
   640 | D:1      | Reached XP level 3. HP: 33/33 MP: 2/2
  1380 | D:2      | Reached XP level 4. HP: 41/41 MP: 3/3
  1998 | D:3      | Reached XP level 5. HP: 37/47 MP: 4/4
  2009 | D:3      | Reached skill level 1 in Throwing
  2343 | D:3      | Reached skill level 5 in Fighting
  2567 | D:3      | Gained mutation: Armour fits poorly on your strangely
                  | shaped body. [potion of mutation]
  2567 | D:3      | Gained mutation: You are somewhat resistant to further
                  | mutation. [potion of mutation]
  2567 | D:3      | Gained mutation: You have a somewhat thin skeletal
                  | structure. (Dex +2, Stealth+) [potion of mutation]
  2814 | D:4      | Reached XP level 6. HP: 56/56 MP: 5/5
  2830 | D:4      | Reached *** piety under Trog
  3072 | D:4      | Noticed a wyvern
  3080 | D:4      | Mangled by a wyvern

Illustrated notes

Levels and vault maps discovered:
D:1:      eino_arrival_water_cross, layout_basic,
          hellmonk_ecumenical_altar_leap_of_faith, minmay_split_cup_small
D:2:      minmay_razor_zed, layout_basic, kennysheep_minor_cross
D:3:      layout_rooms, hangedman_decor_lopped
D:4:      layout_layer_cave

Skill      XL: |  1  2  3  4  5 |
---------------+----------------+-----
Shields        | 1 2 3 |  3.7
Fighting       | 4 5 |  5.4
Polearms       | 4 |  4.6
Armour         | 3 |  3.6
Throwing       | 1 |  1.6
Dodging        | 3 |  3.2

Action                     |  1- 3 |  4- 6 || total
---------------------------+-------+-------++-------
  Melee: Spear             |   111 |   166 ||   277
         Headbutt          |    15 |    16 ||    31
  Throw: Stone             |     1 |     6 ||     7
 Invoke: Berserk           |       |     3 ||     3
         Trog's Hand       |       |     1 ||     1
    Use: Potion            |     5 |     2 ||     7
   Stab: Sleeping          |     3 |     1 ||     4
         Invisible         |       |     1 ||     1
 Armour: Animal skin       |     8 |       ||     8
         Ring mail         |    14 |    25 ||    39
  Dodge: Dodged            |    33 |    57 ||    90
